[ AOE2 MATCH · #505090377 ]
UnrankedKhitans vs Vietnamese
Player's team · LOSS
Rival team · WIN
[ REPLAY ANALYSIS · EXTRACTED FROM THE RECORDED GAME ]
Feudal
8:26
Castle
21:50
Imperial
—
| APM avg | 45.7 |
| APM peak | 98 |
| eAPM avg | 20.1 |
| Villagers / military | 42 / 16 |
Focus
⚔️ 42.0% · 🌾 58.0%
Scout Cavalry ×16
Feudal
10:30
Castle
21:53
Imperial
—
| APM avg | 93.4 |
| APM peak | 191 |
| eAPM avg | 45.9 |
| Villagers / military | 55 / 48 |
Focus
⚔️ 74.0% · 🌾 26.0%
Archer ×32 · Fire Lancer ×9 · Spearman ×5 · Militia ×2
Match map
Initial resources + every placement click. Lines = walls · curves = elevation contours. ◆ gold · ⬟ stone · ● berries · ✦ relic · ◌ wall gap
Your base· ✓ Closed at 21:50 · 52t walls · 1 gate(s)
wappla's base· ✓ Closed at 21:53 · 41t walls · no gate
Smoothed initial terrain · ◌ = detected wall gap · hover for details
Inputs per minute
— ask - - wappla
Build order — ask
128 actions detected in the replay
| 0:00 | Create | Villager (Male) |
| 0:01 | Create | Villager (Male) |
| 0:01 | Create | Villager (Male) |
| 0:03 | Build | House |
| 0:05 | Build | House |
| 0:20 | Create | Villager (Male) |
| 1:25 | Create | Villager (Male) |
| 2:01 | Create | Villager (Male) |
| 2:01 | Create | Villager (Male) |
| 2:25 | Create | Villager (Male) |
| 2:25 | Create | Villager (Male) |
| 2:39 | Build | Lumber Camp |
| 3:16 | Create | Villager (Male) |
| 3:16 | Create | Villager (Male) |
| 3:17 | Create | Villager (Male) |
| 3:44 | Create | Villager (Male) |
| 3:50 | Build | House |
| 4:34 | Create | Villager (Male) |
| 5:11 | Create | Villager (Male) |
| 5:17 | Build | Mill |
| 5:31 | Research | Loom |
| 6:07 | Research | Feudal Age |
| 6:46 | Build | House |
| 7:18 | Build | Barracks |
| 7:44 | Create | Villager (Male) |
| 7:57 | Build | Palisade Wall |
| 7:59 | Build | Palisade Wall |
| 8:00 | Build | Palisade Wall |
| 8:11 | Build | Palisade Wall |
| 8:13 | Build | Palisade Wall |
| 8:26 | Age | Feudal Age |
| 8:26 | Create | Villager (Male) |
| 8:42 | Create | Villager (Male) |
| 8:44 | Build | Stable |
| 9:07 | Create | Villager (Male) |
| 9:12 | Build | House |
| 9:37 | Research | Double-Bit Axe |
| 9:37 | Create | Scout Cavalry |
| 9:38 | Create | Scout Cavalry |
| 9:38 | Create | Villager (Male) |
| 10:04 | Create | Villager (Male) |
| 10:20 | Build | Pasture |
| 10:40 | Create | Villager (Male) |
| 10:56 | Build | Pasture |
| 11:12 | Create | Villager (Male) |
| 11:23 | Build | House |
| 11:30 | Create | Villager (Male) |
| 11:50 | Create | Scout Cavalry |
| 11:52 | Create | Villager (Male) |
| 12:01 | Build | Pasture |
| 12:02 | Research | Tech 1014 |
| 12:17 | Build | House |
| 12:22 | Create | Villager (Male) |
| 12:32 | Create | Scout Cavalry |
| 12:32 | Create | Scout Cavalry |
| 12:50 | Build | Blacksmith |
| 12:56 | Create | Villager (Male) |
| 13:18 | Create | Villager (Male) |
| 13:37 | Build | House |
| 13:46 | Build | House |
| 13:52 | Build | Palisade Wall |
| 13:57 | Create | Villager (Male) |
| 14:03 | Research | Forging |
| 14:18 | Build | Watch Tower |
| 14:25 | Build | Palisade Wall |
| 14:29 | Build | House |
| 14:31 | Create | Villager (Male) |
| 14:50 | Research | Scale Barding Armor |
| 14:51 | Research | Scale Barding Armor |
| 14:53 | Create | Villager (Male) |
| 14:59 | Build | Pasture |
| 15:05 | Build | Pasture |
| 15:20 | Create | Villager (Male) |
| 15:33 | Create | Villager (Male) |
| 15:42 | Build | Lumber Camp |
| 15:52 | Build | House |
| 15:58 | Create | Villager (Male) |
| 16:13 | Build | Pasture |
| 16:30 | Build | House |
| 16:35 | Build | Palisade Wall |
| 16:40 | Build | Mining Camp |
| 16:50 | Build | Pasture |
| 16:52 | Create | Villager (Male) |
| 17:03 | Build | Palisade Wall |
| 17:09 | Build | Palisade Wall |
| 17:19 | Build | Pasture |
| 17:22 | Create | Villager (Male) |
| 17:28 | Build | Palisade Wall |
| 17:33 | Build | Palisade Wall |
| 17:47 | Create | Villager (Male) |
| 17:51 | Build | Pasture |
| 18:06 | Create | Villager (Male) |
| 18:22 | Build | Mining Camp |
| 19:10 | Research | Castle Age |
| 19:25 | Build | Palisade Wall |
| 19:42 | Build | Palisade Gate |
| 19:47 | Create | Scout Cavalry |
| 19:47 | Create | Scout Cavalry |
| 19:54 | Build | Pasture |
| 20:17 | Build | Stable |
| 20:38 | Create | Scout Cavalry |
| 20:40 | Research | Town Watch |
| 21:07 | Create | Scout Cavalry |
| 21:35 | Build | Palisade Wall |
| 21:37 | Build | Palisade Wall |
| 21:38 | Build | Palisade Wall |
| 21:39 | Build | Palisade Wall |
| 21:43 | Build | Pasture |
| 21:50 | Age | Castle Age |
| 21:50 | Research | Light Cavalry (upgrade) |
| 21:51 | Research | Husbandry |
| 21:56 | Research | Chain Barding Armor |
| 22:02 | Build | Monastery |
| 22:05 | Build | Pasture |
| 22:08 | Create | Villager (Male) |
| 22:14 | Research | Iron Casting |
| 22:24 | Research | Wheelbarrow |
| 22:56 | Create | Villager (Male) |
| 23:09 | Create | Scout Cavalry |
| 23:09 | Create | Scout Cavalry |
| 23:29 | Create | Scout Cavalry |
| 23:36 | Create | Villager (Male) |
| 23:41 | Create | Scout Cavalry |
| 23:41 | Create | Scout Cavalry |
| 23:57 | Build | Town Center |
| 24:22 | Create | Scout Cavalry |
| 24:23 | Create | Scout Cavalry |
| 24:26 | Create | Villager (Male) |
Build order — wappla
First 150 of 181 actions detected
| 0:00 | Create | Villager (Male) |
| 0:00 | Create | Villager (Male) |
| 0:01 | Create | Villager (Male) |
| 0:01 | Build | House |
| 0:02 | Build | House |
| 0:05 | Create | Villager (Male) |
| 0:05 | Create | Villager (Male) |
| 1:25 | Create | Villager (Male) |
| 1:25 | Create | Villager (Male) |
| 1:52 | Build | Lumber Camp |
| 2:01 | Create | Villager (Male) |
| 2:02 | Create | Villager (Male) |
| 2:17 | Create | Villager (Male) |
| 2:45 | Create | Villager (Male) |
| 3:03 | Create | Villager (Male) |
| 3:04 | Create | Villager (Male) |
| 3:31 | Create | Villager (Male) |
| 3:31 | Create | Villager (Male) |
| 3:48 | Create | Villager (Male) |
| 3:52 | Build | House |
| 4:15 | Build | House |
| 4:28 | Create | Villager (Male) |
| 4:51 | Create | Villager (Male) |
| 4:55 | Build | Barracks |
| 5:15 | Create | Villager (Male) |
| 5:25 | Build | House |
| 5:35 | Create | Villager (Male) |
| 5:50 | Create | Militia |
| 5:51 | Create | Militia |
| 6:11 | Create | Villager (Male) |
| 6:22 | Create | Villager (Male) |
| 6:27 | Build | Mill |
| 6:45 | Build | Palisade Wall |
| 6:53 | Create | Villager (Male) |
| 7:18 | Create | Villager (Male) |
| 7:26 | Build | Palisade Wall |
| 7:45 | Research | Loom |
| 8:00 | Build | Mining Camp |
| 8:02 | Build | Palisade Wall |
| 8:07 | Research | Feudal Age |
| 8:50 | Build | Lumber Camp |
| 9:54 | Create | Villager (Male) |
| 10:14 | Build | Palisade Wall |
| 10:30 | Age | Feudal Age |
| 10:31 | Build | Palisade Wall |
| 10:34 | Build | Archery Range |
| 10:34 | Research | Double-Bit Axe |
| 10:35 | Research | Horse Collar |
| 10:38 | Create | Villager (Male) |
| 10:40 | Build | Farm |
| 10:52 | Create | Spearman |
| 11:04 | Build | House |
| 11:05 | Create | Spearman |
| 11:07 | Create | Villager (Male) |
| 11:11 | Build | Palisade Wall |
| 11:17 | Build | Palisade Wall |
| 11:19 | Create | Archer |
| 11:24 | Create | Villager (Male) |
| 11:31 | Create | Spearman |
| 11:32 | Create | Archer |
| 11:34 | Build | Farm |
| 11:52 | Create | Spearman |
| 11:53 | Create | Villager (Male) |
| 11:56 | Build | Farm |
| 11:57 | Build | Farm |
| 11:57 | Create | Archer |
| 12:05 | Build | Palisade Wall |
| 12:08 | Create | Archer |
| 12:11 | Build | Farm |
| 12:15 | Build | Palisade Wall |
| 12:25 | Create | Villager (Male) |
| 12:27 | Build | Farm |
| 12:41 | Build | House |
| 13:02 | Create | Archer |
| 13:03 | Create | Archer |
| 13:04 | Create | Villager (Male) |
| 13:12 | Build | House |
| 13:20 | Create | Villager (Male) |
| 13:22 | Build | Farm |
| 13:36 | Create | Villager (Male) |
| 13:37 | Build | Farm |
| 13:44 | Build | House |
| 13:44 | Build | House |
| 13:57 | Create | Villager (Male) |
| 13:59 | Build | House |
| 14:13 | Create | Villager (Male) |
| 14:15 | Build | Farm |
| 14:21 | Create | Archer |
| 14:34 | Build | Blacksmith |
| 14:49 | Create | Villager (Male) |
| 14:53 | Create | Spearman |
| 14:55 | Build | Farm |
| 15:04 | Create | Villager (Male) |
| 15:06 | Build | House |
| 15:11 | Create | Archer |
| 15:31 | Create | Archer |
| 15:33 | Build | Farm |
| 15:38 | Build | House |
| 15:56 | Create | Villager (Male) |
| 16:01 | Build | Farm |
| 16:03 | Build | Farm |
| 16:28 | Create | Villager (Male) |
| 16:31 | Create | Villager (Male) |
| 16:33 | Create | Archer |
| 16:52 | Build | Archery Range |
| 16:55 | Create | Villager (Male) |
| 17:00 | Build | House |
| 17:01 | Create | Archer |
| 17:19 | Build | House |
| 17:21 | Create | Archer |
| 17:29 | Build | House |
| 17:32 | Create | Archer |
| 17:33 | Create | Villager (Male) |
| 17:37 | Research | Wheelbarrow |
| 17:39 | Build | House |
| 17:42 | Build | House |
| 17:50 | Create | Archer |
| 17:55 | Create | Archer |
| 18:01 | Build | House |
| 18:09 | Build | House |
| 18:15 | Create | Archer |
| 18:19 | Create | Villager (Male) |
| 18:24 | Build | Farm |
| 18:39 | Build | House |
| 18:46 | Create | Villager (Male) |
| 18:50 | Create | Archer |
| 19:10 | Build | Farm |
| 19:13 | Research | Castle Age |
| 19:14 | Create | Archer |
| 19:27 | Build | House |
| 19:30 | Build | House |
| 19:34 | Build | Palisade Wall |
| 19:39 | Create | Archer |
| 19:41 | Create | Archer |
| 19:42 | Research | Fletching |
| 19:48 | Research | Gold Mining |
| 19:48 | Research | Gold Mining |
| 20:00 | Create | Archer |
| 20:20 | Create | Archer |
| 20:31 | Build | House |
| 20:38 | Build | House |
| 20:50 | Build | Barracks |
| 20:55 | Create | Archer |
| 21:03 | Create | Archer |
| 21:13 | Create | Archer |
| 21:15 | Create | Villager (Male) |
| 21:26 | Create | Archer |
| 21:53 | Age | Castle Age |
| 21:55 | Research | Crossbowman (upgrade) |
| 21:55 | Research | Bodkin Arrow |
Match timeline
| 4:55 | wappla · first_building Barracks |
| 6:45 | wappla · wall_segment Palisade Wall x3 |
| 7:18 | ask · first_building Barracks |
| 7:26 | wappla · wall_segment Palisade Wall x5 |
| 7:57 | ask · wall_segment Palisade Wall x1 |
| 7:59 | ask · wall_segment Palisade Wall x1 |
| 8:00 | ask · wall_segment Palisade Wall x1 |
| 8:02 | wappla · wall_segment Palisade Wall x6 |
| 8:11 | ask · wall_segment Palisade Wall x2 |
| 8:13 | ask · wall_segment Palisade Wall x1 |
| 8:26 | ask · age_up feudal |
| 8:44 | ask · first_building Stable |
| 10:14 | wappla · wall_segment Palisade Wall x1 |
| 10:30 | wappla · age_up feudal |
| 10:31 | wappla · wall_segment Palisade Wall x1 |
| 10:34 | wappla · first_building Archery Range |
| 11:11 | wappla · wall_segment Palisade Wall x5 |
| 11:17 | wappla · wall_segment Palisade Wall x1 |
| 12:05 | wappla · wall_segment Palisade Wall x10 |
| 12:15 | wappla · wall_segment Palisade Wall x9 |
| 13:52 | ask · wall_segment Palisade Wall x1 |
| 14:25 | ask · wall_segment Palisade Wall x4 |
| 16:35 | ask · wall_segment Palisade Wall x1 |
| 17:03 | ask · wall_segment Palisade Wall x9 |
| 17:09 | ask · wall_segment Palisade Wall x7 |
| 17:28 | ask · wall_segment Palisade Wall x4 |
| 17:33 | ask · wall_segment Palisade Wall x6 |
| 19:25 | ask · wall_segment Palisade Wall x10 |
| 19:34 | wappla · wall_segment Palisade Wall x1 |
| 21:35 | ask · wall_segment Palisade Wall x1 |
| 21:37 | ask · wall_segment Palisade Wall x1 |
| 21:38 | ask · wall_segment Palisade Wall x1 |
| 21:39 | ask · wall_segment Palisade Wall x1 |
| 21:50 | ask · age_up castle |
| 21:53 | wappla · age_up castle |
| 22:02 | ask · first_building Monastery |
| 24:32 | ask · resign |
[ AI ANALYSIS · 1 CREDIT ]
What really happened in this match?
Wolo.gg analyzes every decision: build order, eco, micro, common mistakes by bracket. Personalized analysis on WhatsApp or Discord in 30 seconds.
Civ guide
Khitans
Perfil
Jugador #4450310